 Dungeon Crawl Stone Soup version 0.19.5 (webtiles) character file.

126994 Ponchio the Scorcher (level 16, -3/76 HPs)
             Began as a Deep Elf Conjurer on Mar 18, 2017.
             Was the Champion of Vehumet.
             Killed from afar by a deep elf mage (32 damage)
             ... with a bolt of lightning
             ... on level 2 of the Elven Halls on Mar 20, 2017.
             The game lasted 05:36:53 (39793 turns).

Ponchio the Scorcher (Deep Elf Conjurer)           Turns: 39793, Time: 05:36:54

Health: -3/76      AC: 10    Str:  8    XL:     16   Next: 45%
Magic:  8/38       EV: 15    Int: 41    God:    Vehumet [******]
Gold:   1957       SH:  0    Dex: 15    Spells: 8 memorised, 19 levels left

rFire  . . .     SeeInvis +     T - +3 quarterstaff "Newtslayer" {flame, Int+6 Dex-2 SInv}
rCold  . . .     Gourm    .     t - +2 robe {Archmagi}
rNeg   + + .     Faith    .     (shield currently unavailable)
rPois  +         Spirit   .     W - +0 hat "Vowuv" {rPois rN++ Dex+2 Slay-6} (curse)
rElec  .         Reflect  .     p - +1 cloak
rCorr  .         Harm     .     V - +2 pair of gloves {Str+3}
MR     ++...                    F - +0 pair of boots
Stlth  ++........               (no amulet)
                                O - +2 ring of intelligence
                                U - ring of protection from magic

@: brilliant
A: horns 2, MP-powered wands
a: Renounce Religion


You were on level 2 of the Elven Halls.
You worshipped Vehumet.
Vehumet was exalted by your worship.
You were hungry.

You visited 5 branches of the dungeon, and saw 23 of its levels.
You also visited: Ice Cave.

You collected 2929 gold pieces.
You spent 972 gold pieces at shops.

Inventory:

Hand Weapons
 T - the +3 quarterstaff "Newtslayer" (weapon) {flame, Int+6 Dex-2 SInv}
   (You found it on level 4 of the Lair of Beasts)

   It has been specially enchanted to burn those struck by it, causing extra
   injury to most foes and up to half again as much damage against particularly
   susceptible opponents.
   It affects your intelligence (+6).
   It affects your dexterity (-2).
   It lets you see invisible.
Armour
 p - a +1 cloak (worn)
 t - a +2 robe of the Archmagi (worn)
 F - a +0 pair of boots (worn)
 V - a +2 pair of gloves of strength (worn)
 W - the cursed +0 hat "Vowuv" (worn) {rPois rN++ Dex+2 Slay-6}
   (You bought it in a shop on level 2 of the Orcish Mines)

   It affects your dexterity (+2).
   It affects your accuracy and damage with ranged weapons and melee attacks
   (-6).
   It protects you from poison.
   It greatly protects you from negative energy.
   It has a curse placed upon it.
Jewellery
 b - an uncursed ring of magical power
 r - an uncursed ring of ice
 N - an uncursed ring of protection from cold
 O - a +2 ring of intelligence (right hand)
 R - an uncursed ring of flight
 U - a ring of protection from magic (left hand)
Wands
 a - a wand of teleportation (3/9)
 f - a wand of digging (6/24)
 j - a wand of polymorph (9/24)
 m - a wand of lightning (9/15)
 y - a wand of disintegration (19/24)
 P - a wand of confusion (34/48)
 X - a wand of teleportation (3/9)
Scrolls
 k - a scroll of fear
 o - 2 scrolls of enchant weapon
 w - a scroll of amnesia
 G - 5 scrolls of identify
 H - 2 scrolls of recharging
 K - 2 scrolls of remove curse
Potions
 d - 3 potions of might
 e - 3 potions of curing
 g - a potion of heal wounds
 i - a potion of cure mutation
 l - 4 potions of flight
 n - 3 potions of lignification
 q - 2 potions of agility
 C - 5 potions of ambrosia
 L - 4 potions of berserk rage
Books
 B - a book of Ice

   Spells                             Type                      Level
   a - Ice Form                       Ice/Transmutation            4
   b - Metabolic Englaciation         Hexes/Ice                    5
   c - Ozocubu's Refrigeration        Ice                          6
   d - Bolt of Cold                   Conjuration/Ice              6
   e - Freezing Cloud                 Conjuration/Ice/Air          6
   f - Simulacrum                     Ice/Necromancy               6
 Q - a book of Power

   Spells                             Type                      Level
   a - Fulminant Prism                Conjuration/Hexes            4
   b - Iskenderun's Mystic Blast      Conjuration                  4
   c - Venom Bolt                     Conjuration/Poison           5
   d - Bolt of Magma                  Conjuration/Fire/Earth       5
   e - Iron Shot                      Conjuration/Earth            6
   f - Orb of Destruction             Conjuration                  7
   g - Spellforged Servitor           Conjuration/Summoning        7
Miscellaneous
 s - a fan of gales
 u - a lamp of fire
Comestibles
 c - 14 bread rations
 h - 3 meat rations
 z - 2 slices of pizza
 E - 9 fruits
 M - a royal jelly


   Skills:
 + Level 5.5 Dodging
 - Level 2.4 Stealth
 + Level 16.6 Spellcasting
 * Level 15.9 Conjurations
 - Level 15.5 Charms
 * Level 17.7 Fire Magic
 - Level 10.0 Earth Magic


You had 19 spell levels left.
You knew the following spells:

 Your Spells              Type           Power        Failure   Level  Hunger
a - Magic Dart            Conj           ####         0%          1    None
b - Dazzling Spray        Conj/Hex       ######       1%          3    None
c - Iskenderun's Battles  Conj/Chrm      ########     1%          5    None
d - Flame Tongue          Conj/Fire      #####        0%          1    None
e - Iron Shot             Conj/Erth      ########..   1%          6    None
f - Fireball              Conj/Fire      ########..   1%          5    None
g - Repel Missiles        Chrm/Air       ######       1%          2    None
h - Freezing Cloud        Conj/Ice/Air   ########..   2%          6    None


Dungeon Overview and Level Annotations

Branches:
Dungeon (12/15)            Temple (1/1) D:7            Lair (6/6) D:11
  Swamp (0/4) Lair:4       Spider (0/4) Lair:3        Slime (0/5) Lair:5
    Orc (2/2) D:12            Elf (1/3) Orc:2

Altars:
Ashenzari
Cheibriados
Dithmenos
Elyvilon
Fedhas
Gozag
Hepliaklqana
Kikubaaqudgha
Makhleb
Nemelex Xobeh
Okawaru
Qazlal
Ru
Sif Muna
Trog
Uskayaw
Vehumet
Xom
Yredelemnul
Zin
The Shining One
Beogh

Shops:
D:4 *   D:6 !   D:7 (   D:12 ?   Orc:2 [*}(:   Elf:1 [

Annotations:
D:2 Ijyb


Innate Abilities, Weirdness & Mutations

You have a pair of horns on your head.
You expend magic power (3 MP) to strengthen your wands.


Message History

You feel strangely unstable.
Evoking this partially-identified wand wasted a few charges.
The deep elf mage hits your battlesphere but does no damage.
A deep elf mage comes into view. It is wielding a long sword.
The dire flail of distortion hits you!
The flail of venom hits you but does no damage.
The deep elf mage casts a spell.
The deep elf mage blinks!
You feel better. The dire flail of distortion hits you!
You feel strangely stable. The flail of venom barely misses you.
The deep elf mage is no longer blind.
The deep elf mage gestures at you while chanting.
The bolt of lightning hits your battlesphere.
Your battlesphere completely resists.
The bolt of lightning misses the dire flail of distortion.
The bolt of lightning misses you.
The deep elf mage gestures at the flail of venom while chanting.
The bolt of lightning hits the flail of venom.
The flail of venom completely resists.
The bolt of lightning hits you!
You die...

....... .......
... ....... .....
.......## #.....
........###...e..
.........#.......
..........*......
.......@(........
#.......(.e......
##.........e.....
#.....).........
#...............
#.....)..........
...e.............
.................
........#.......


You could see 4 deep elf magi, 2 dancing weapons and a friendly battlesphere.

Vanquished Creatures
  Kirke (Elf:1)
  A frost giant (IceCv)
  A deep elf sorcerer (Elf:1)
  A stone giant (Orc:1)
  Nessos (Lair:6)
  A deep elf demonologist (Elf:1)
  2 deep elf annihilators (Elf:1)
  A deep elf death mage (Elf:1)
  A deep elf high priest (Elf:1)
  7 hydras
  4 catoblepae
  3 dancing weapons
  7 orc high priests (Orc:2)
  A hell hog (shapeshifter) (Elf:1)
  10 death yaks (Lair:6)
  Nergalle (Lair:3)
  The ghost of Thundermex the Thaumaturge, a novice DECj of Vehumet (Lair:1)
  10 deep elf knights
  2 unseen horrors
  2 orc knights (Orc:2)
  4 hill giants
  2 ugly things
  11 deep elf archers (Elf:1)
  3 orc sorcerers
  38 deep elf magi (Elf:1)
  An oklob plant (D:11)
  A cyclops (Orc:2)
  3 centaur zombies
  10 elephants (Lair:6)
  An ice statue (IceCv)
  8 black mambas
  A torpor snail (Lair:5)
  14 spiny frogs
  2 gargoyles (D:12)
  6 komodo dragons
  5 rime drakes
  The ghost of hippity the Caller, a novice TeSu of Sif Muna (D:8)
  6 trolls
  A polar bear (shapeshifter) (Elf:1)
  24 polar bears
  2 two-headed ogres
  4 slime creatures
  14 hippogriffs
  22 blink frogs
  A shadow (D:12)
  3 air elementals (Elf:1)
  4 wyverns
  A fire elemental (Elf:1)
  A vampire (D:11)
  Eustachio (D:4)
  A human (D:10)
  A basilisk (Lair:3)
  7 hogs
  66 yaks
  2 hungry ghosts
  17 soldier ants
  6 vampire mosquitoes (Lair:4)
  A mottled dragon (D:11)
  8 wargs
  15 water moccasins
  25 orc warriors
  10 porcupines
  2 ice beasts
  11 black bears
  2 sky beasts
  2 necrophages (D:10)
  2 phantoms
  A centaur (D:8)
  10 ogres
  32 wolves
  9 crocodiles
  3 big kobolds
  A water moccasin zombie (D:8)
  18 bullfrogs
  2 gnoll sergeants
  6 scorpions
  20 killer bees
  7 wights
  A howler monkey (D:10)
  7 crimson imps
  A quasit (D:6)
  2 jellies
  5 hounds
  4 bullfrog skeletons
  43 orc priests
  2 centaur skeletons
  6 iguanas
  24 orc wizards
  32 worker ants
  2 hound skeletons
  2 worker ant zombies
  11 gnolls
  9 adders
  A howler monkey skeleton (D:9)
  A shadow imp (D:12)
  12 white imps (D:12)
  2 oozes
  An adder zombie (D:5)
  3 adder skeletons
  2 worms
  4 dart slugs
  7 leopard geckos
  95 orcs
  10 bats
  10 giant cockroaches
  11 hobgoblins
  11 jackals
  24 kobolds
  5 quokkas
  2 ball pythons (D:3)
  9 frilled lizards
  16 goblins
  5 rats
  2 bushes (Lair:6)
  2 fungi
  3 plants
929 creatures vanquished.

Vanquished Creatures (others)
  3 humans (Elf:1)
  17 fungi
  19 plants
39 creatures vanquished.

Grand Total: 968 creatures vanquished

Notes
Turn   | Place    | Note
-------+----------+-------------------------------------------
     0 | D:1      | Ponchio the Deep Elf Conjurer began the quest for the Orb.
     0 | D:1      | Reached XP level 1. HP: 10/10 MP: 6/6
   544 | D:1      | Reached XP level 2. HP: 15/15 MP: 1/9
   956 | D:1      | Reached XP level 3. HP: 19/19 MP: 6/11
  1037 | D:1      | Reached skill level 5 in Spellcasting
  2879 | D:2      | Reached XP level 4. HP: 24/24 MP: 5/13
  3028 | D:2      | Learned a level 3 spell: Dazzling Spray
  4850 | D:3      | Noticed Ijyb
  5509 | D:4      | Reached XP level 5. HP: 28/28 MP: 6/16
  5578 | D:4      | Learned a level 5 spell: Iskenderun's Battlesphere
  5625 | D:4      | Noticed Eustachio
  5979 | D:4      | Reached skill level 1 in Charms
  6236 | D:4      | Found Cuptid's General Store.
  6242 | D:4      | Noticed a phantom
  6333 | D:4      | Killed a phantom
  6333 | D:4      | Reached skill level 5 in Charms
  6333 | D:4      | Reached XP level 6. HP: 32/32 MP: 9/18
  6449 | D:4      | Killed Eustachio
  6786 | D:4      | Found Cuptid's General Store.
  7360 | D:5      | Entered Level 5 of the Dungeon
  7499 | D:5      | Reached XP level 7. HP: 33/36 MP: 9/19
  7519 | D:5      | Found an opulent altar of Gozag.
  7561 | D:5      | Reached skill level 5 in Conjurations
  8295 | D:6      | Found Gef Car's Distillery.
  8301 | D:6      | Bought a potion of mutation for 35 gold pieces
  8301 | D:6      | Bought a potion of haste for 140 gold pieces
  8301 | D:6      | Bought a potion of heal wounds for 70 gold pieces
  8301 | D:6      | Gained mutation: You have a pair of small horns on your head. [potion of mutation]
  8301 | D:6      | Gained mutation: You have sharp toenails. [potion of mutation]
  8301 | D:6      | Gained mutation: Your magical capacity is low. (-10% MP) [potion of mutation]
  9257 | D:6      | Reached XP level 8. HP: 34/41 MP: 2/19
  9790 | D:7      | Found a shimmering altar of Xom.
  9790 | D:7      | Found a shimmering altar of Xom.
  9790 | D:7      | Found a shimmering altar of Xom.
  9790 | D:7      | Found a shimmering altar of Xom.
  9791 | D:7      | Found a shimmering altar of Xom.
  9791 | D:7      | Found a shimmering altar of Xom.
  9791 | D:7      | Found a shimmering altar of Xom.
  9913 | D:7      | Found a staircase to the Ecumenical Temple.
  9924 | Temple   | Entered the Ecumenical Temple
  9965 | Temple   | Became a worshipper of Vehumet
 10344 | D:7      | Noticed a harpy
 10651 | D:7      | Found Killiug's Antique Weapon Boutique.
 11081 | D:7      | Bought a translucent war axe for 170 gold pieces
 11081 | D:7      | Identified the +3 war axe of Immorality {chop, rPois} (You bought it in a shop on level 7 of the Dungeon)
 11268 | D:7      | Noticed a shock serpent
 11350 | D:7      | Found a shimmering altar of Xom.
 11350 | D:7      | Found a shimmering altar of Xom.
 11350 | D:7      | Noticed an entropy weaver
 11360 | D:7      | Found a shimmering altar of Xom.
 11360 | D:7      | Found a shimmering altar of Xom.
 11360 | D:7      | Found a shimmering altar of Xom.
 11360 | D:7      | Found a shimmering altar of Xom.
 11361 | D:7      | Found a shimmering altar of Xom.
 11363 | D:7      | Noticed a merfolk
 11363 | D:7      | a swamp worm changed into a merfolk
 11474 | D:7      | Noticed a merfolk
 11474 | D:7      | a merfolk changed into a redback
 11475 | D:7      | Noticed an entropy weaver
 11548 | D:7      | Found a staircase to the Ecumenical Temple.
 11659 | D:7      | Found Killiug's Antique Weapon Boutique.
 11803 | D:7      | Noticed a torpor snail
 11808 | D:7      | Noticed a black mamba
 11883 | D:7      | Noticed a polar bear
 11886 | D:7      | Noticed a seven-headed hydra
 12364 | D:8      | Reached XP level 9. HP: 45/45 MP: 11/21
 12637 | D:8      | Reached * piety under Vehumet
 12637 | D:8      | Offered knowledge of Flame Tongue by Vehumet.
 12821 | D:8      | Noticed hippity's ghost (novice TeSu)
 12824 | D:8      | Killed hippity's ghost
 12824 | D:8      | Reached skill level 10 in Conjurations
 12962 | D:8      | Reached skill level 10 in Charms
 13458 | D:9      | Noticed a white ugly thing
 13487 | D:8      | Reached skill level 10 in Spellcasting
 13981 | D:9      | Learned a level 1 spell: Flame Tongue
 14043 | D:9      | Found a hazy altar of Hepliaklqana.
 14043 | D:9      | Found a faded altar of an unknown god.
 14046 | D:9      | Reached ** piety under Vehumet
 14046 | D:9      | Offered knowledge of Throw Flame by Vehumet.
 14055 | D:9      | Found a glowing silver altar of Zin.
 14058 | D:9      | Found a faded altar of an unknown god.
 14060 | D:9      | Found a faded altar of an unknown god.
 14300 | D:9      | Reached XP level 10. HP: 50/50 MP: 13/24
 14542 | D:9      | Killed a white ugly thing
 14710 | D:9      | Offered knowledge of Static Discharge by Vehumet.
 15116 | D:10     | Entered Level 10 of the Dungeon
 15151 | D:10     | Reached *** piety under Vehumet
 15628 | D:10     | Offered knowledge of Sticky Flame by Vehumet.
 15867 | D:10     | Reached skill level 1 in Fire Magic
 15867 | D:10     | Reached XP level 11. HP: 35/54 MP: 15/26
 15885 | D:10     | Reached skill level 2 in Fire Magic
 16095 | D:10     | Gained mutation: You have a pair of horns on your head. [mutagenic meat]
 16096 | D:10     | Gained mutation: You are frail. (-10% HP) [mutagenic meat]
 16097 | D:10     | Gained mutation: You expend magic power (3 MP) to strengthen your wands. [mutagenic meat]
 16098 | D:10     | Gained mutation: You are agile. (Dex +2) [mutagenic meat]
 16098 | D:10     | Gained mutation: Your magical capacity is very low. (-20% MP) [potion of mutation]
 16098 | D:10     | Gained mutation: You have a somewhat thin skeletal structure. (Dex +2, Stealth) [potion of mutation]
 16334 | D:10     | Reached **** piety under Vehumet
 16344 | D:10     | Reached skill level 3 in Fire Magic
 16357 | D:10     | Noticed a queen ant
 16398 | D:9      | Offered knowledge of Bolt of Draining by Vehumet.
 16780 | D:9      | Reached skill level 4 in Fire Magic
 17018 | D:10     | Reached skill level 5 in Fire Magic
 17072 | D:10     | Reached skill level 6 in Fire Magic
 17790 | D:9      | Reached skill level 7 in Fire Magic
 18353 | D:11     | Found a glowing silver altar of Zin.
 18393 | D:11     | Reached skill level 8 in Fire Magic
 18636 | D:11     | Noticed an oklob plant
 18641 | D:11     | Killed an oklob plant
 18641 | D:11     | Reached skill level 9 in Fire Magic
 18643 | D:11     | Found a staircase to the Lair.
 18780 | D:11     | Killed an unseen horror
 19008 | D:11     | Noticed a hill giant
 19018 | D:11     | Killed a hill giant
 19018 | D:11     | Reached skill level 10 in Fire Magic
 19291 | D:11     | Reached ***** piety under Vehumet
 19457 | D:11     | Offered knowledge of Iron Shot by Vehumet.
 19465 | D:11     | Learned a level 6 spell: Iron Shot
 19858 | Lair:1   | Entered Level 1 of the Lair of Beasts
 19934 | Lair:1   | Noticed Thundermex's ghost (novice DECj)
 20089 | Lair:1   | Reached skill level 11 in Fire Magic
 20089 | Lair:1   | Reached XP level 12. HP: 53/53 MP: 11/24
 20517 | Lair:1   | Reached skill level 12 in Fire Magic
 21182 | Lair:1   | Reached skill level 1 in Earth Magic
 21203 | Lair:1   | Reached skill level 13 in Fire Magic
 21835 | D:6      | Bought a potion of cure mutation for 350 gold pieces
 21835 | D:6      | Lost mutation: You have a somewhat thin skeletal structure. (Dex +2, Stealth) [potion of cure mutation]
 21835 | D:6      | Lost mutation: Your magical capacity is very low. (-20% MP) [potion of cure mutation]
 21835 | D:6      | Lost mutation: You are frail. (-10% HP) [potion of cure mutation]
 21835 | D:6      | Lost mutation: Your magical capacity is low. (-10% MP) [potion of cure mutation]
 21835 | D:6      | Lost mutation: You are agile. (Dex +2) [potion of cure mutation]
 21835 | D:6      | Lost mutation: You have sharp toenails. [potion of cure mutation]
 22298 | Lair:1   | Killed Thundermex's ghost
 23096 | Lair:2   | Noticed an eight-headed hydra
 23099 | Lair:2   | Killed an eight-headed hydra
 23099 | Lair:2   | Reached skill level 5 in Earth Magic
 23188 | Lair:2   | Reached XP level 13. HP: 63/63 MP: 24/31
 24573 | Lair:3   | Found a hole to the Spider Nest.
 24679 | Lair:3   | Noticed Nergalle
 24682 | Lair:3   | Killed Nergalle
 25248 | Lair:3   | Found a hole to the Spider Nest.
 25554 | Lair:4   | Offered knowledge of Conjure Ball Lightning by Vehumet.
 25742 | Lair:4   | Found a sacrificial altar of Ru.
 25747 | Lair:4   | Reached skill level 14 in Fire Magic
 26074 | Lair:4   | Found a staircase to the Swamp.
 26269 | Lair:4   | Learned a level 5 spell: Fireball
 26479 | Lair:4   | Got a slimy quarterstaff
 26485 | Lair:4   | Identified the cursed +3 quarterstaff "Newtslayer" {flame, Int+6 Dex-2 SInv} (You found it on level 4 of the Lair of Beasts)
 26952 | Lair:5   | Found a staircase to the Slime Pits.
 27864 | Lair:5   | Learned a level 2 spell: Repel Missiles
 27874 | Lair:6   | Entered Level 6 of the Lair of Beasts
 28101 | Lair:6   | Reached XP level 14. HP: 54/68 MP: 1/33
 28119 | Lair:6   | Offered knowledge of Bolt of Magma by Vehumet.
 29017 | Lair:6   | Noticed Nessos
 29256 | Lair:6   | Killed Nessos
 29938 | Lair:6   | Reached skill level 15 in Fire Magic
 31987 | D:12     | Found a staircase to the Orcish Mines.
 32051 | D:12     | Found a frozen archway.
 32063 | D:12     | Offered knowledge of Freezing Cloud by Vehumet.
 32077 | IceCv    | Entered an ice cave
 32219 | IceCv    | Learned a level 6 spell: Freezing Cloud
 32809 | IceCv    | Reached skill level 10 in Earth Magic
 32815 | IceCv    | Reached XP level 15. HP: 72/72 MP: 17/35
 32954 | IceCv    | Reached skill level 15 in Spellcasting
 33187 | IceCv    | Noticed a frost giant
 33335 | IceCv    | Killed a frost giant
 33764 | D:12     | Found Duny's Magic Scroll Shoppe.
 34432 | Orc:1    | Entered Level 1 of the Orcish Mines
 34449 | Orc:1    | Reached skill level 15 in Conjurations
 34601 | Orc:1    | Found a roughly hewn altar of Beogh.
 35360 | Orc:2    | Entered Level 2 of the Orcish Mines
 35529 | Orc:2    | Found a staircase to the Elven Halls.
 35609 | Orc:2    | Reached skill level 16 in Fire Magic
 35694 | Orc:2    | Offered knowledge of Poison Arrow by Vehumet.
 36096 | Orc:2    | Found Pacif's Book Shop.
 36600 | Orc:2    | Reached skill level 15 in Charms
 36820 | Orc:2    | Reached ****** piety under Vehumet
 37189 | Orc:2    | Offered knowledge of Poisonous Cloud by Vehumet.
 37269 | Orc:2    | Found Sovvoo's Antique Weapon Emporium.
 37269 | Orc:2    | Found Mono's Gadget Boutique.
 37337 | Orc:2    | Found a roughly hewn altar of Beogh.
 37474 | Orc:2    | Found Musm's Antique Armour Boutique.
 37474 | Orc:2    | Found Xirr's General Store.
 37479 | Orc:2    | Bought a spiked hat for 207 gold pieces
 37489 | Orc:2    | Identified the cursed +0 hat "Vowuv" {rPois rN++ Dex+2 Slay-6} (You bought it in a shop on level 2 of the Orcish Mines)
 37674 | Elf:1    | Entered Level 1 of the Elven Halls
 37838 | Elf:1    | Noticed Kirke
 37840 | Elf:1    | Killed Kirke
 38087 | Elf:1    | Noticed a deep elf sorcerer
 38091 | Elf:1    | Killed a deep elf sorcerer
 38409 | Elf:1    | Reached skill level 17 in Fire Magic
 38644 | Elf:1    | Reached XP level 16. HP: 74/76 MP: 36/38
 38979 | Elf:1    | Found Uzyu's Antique Armour Shop.
 39020 | Elf:1    | Offered knowledge of Bolt of Fire by Vehumet.
 39424 | Elf:1    | Reached skill level 5 in Dodging
 39782 | Elf:1    | You fall through a shaft!
 39793 | Elf:2    | Killed from afar by a deep elf mage

Skill      XL: |  1  2  3  4  5  6  7  8  9 10 11 12 13 14 15 16 |
---------------+-------------------------------------------------+-----
Spellcasting   | 4 5 7 9 10 12 13 14 16 | 16.6
Charms         | 5 7 9 10 12 13 14 15 | 15.5
Conjurations   | 7 9 11 12 13 14 15 | 15.9
Fire Magic     | 1 11 13 14 15 17 | 17.7
Earth Magic    | 5 9 10 | 10.0
Dodging        | 3 5 |  5.5
Stealth        | |  2.4

Action                   |  1- 3 |  4- 6 |  7- 9 | 10-12 | 13-15 | 16-18 || total
-------------------------+-------+-------+-------+-------+-------+-------++-------
Melee: Unarmed           |     6 |       |       |       |       |       ||     6
       Dagger            |       |       |     3 |       |       |       ||     3
       Headbutt          |       |       |     2 |    14 |     1 |       ||    17
       War axe           |       |       |    11 |    18 |       |       ||    29
       Kick              |       |       |     2 |       |       |       ||     2
       Staff             |       |       |       |    31 |       |       ||    31
       Quarterstaff      |       |       |       |       |     2 |       ||     2
 Cast: Magic Dart        |   100 |   120 |   199 |   519 |   464 |     2 ||  1404
       Dazzling Spray    |       |    15 |    21 |    13 |    25 |     5 ||    79
       Iskenderun's Batt |       |     3 |    50 |   105 |   162 |    11 ||   331
       Iron Shot         |       |       |       |    15 |    65 |    16 ||    96
       Fireball          |       |       |       |       |   197 |    30 ||   227
       Repel Missiles    |       |       |       |       |     3 |     1 ||     4
       Freezing Cloud    |       |       |       |       |       |     2 ||     2
Evoke: Wand              |       |       |       |     2 |       |     1 ||     3
  Use: Scroll            |     1 |     5 |     9 |    10 |     5 |       ||    30
       Potion            |       |       |     4 |    11 |    11 |     3 ||    29
  Eat: Chunk             |     4 |    10 |    20 |    40 |    38 |       ||   112
       Beef jerky        |     1 |     3 |     1 |     1 |     6 |       ||    12
       Fruit             |       |       |     3 |       |       |       ||     3
       Bread ration      |       |       |     2 |       |       |       ||     2
       Pizza             |       |       |       |     2 |     5 |     2 ||     9
Armor: Robe              |     8 |     9 |    13 |    54 |    28 |     3 ||   115
Dodge: Dodged            |    15 |    21 |    40 |   110 |    56 |     5 ||   247
       Deflected         |       |       |       |       |     9 |     1 ||    10
Block: Buckler           |       |       |       |       |     8 |       ||     8
